 Dungeon Crawl Stone Soup version 0.26.0-10-g1f06aea511 (webtiles) character file.

Game seed: 18382640092759192393

671 Borgoz the Slasher (level 7, -6/59 HPs)
             Began as a Ghoul Gladiator on Jan 13, 2021.
             Killed by divine providence
             ... invoked by an orc priest
              (15 damage)
             ... on level 5 of the Dungeon.
             The game lasted 00:06:52 (4134 turns).

Borgoz the Slasher (Ghoul Gladiator)                Turns: 4134, Time: 00:06:52

Health: -6/59      AC: 17    Str: 18    XL:     7   Next: 58%
Magic:  6/6        EV: 11    Int:  3    God:
Gold:   248        SH:  0    Dex: 12    Spells: 6/6 levels left

rFire    . . .     SeeInvis .   s - +0 falchion (protect)
rCold    + . .     Faith    .   (no shield)
rNeg     + + +     Spirit   .   o - +0 scale mail
rPois    ∞         Reflect  .   c - +0 helmet
rElec    .         Harm     .   a - +0 cloak {rPois}
rCorr    .         Rampage  .   n - +0 pair of gloves
Will     +....                  (no boots)
Stlth    ..........             (no amulet)
HPRegen  0.00/turn              q - ring of willpower
MPRegen  0.10/turn              (no ring)

@: protection aura
A: claws 1, cold resistance 1, negative energy resistance 3, inhibited
regeneration, torment resistance, unbreathing
a: no special abilities


You were on level 5 of the Dungeon.
You visited 1 branch of the dungeon, and saw 5 of its levels.

You collected 248 gold pieces.

Inventory:

Hand Weapons
 s - a +0 falchion of protection (weapon)
Missiles
 d - 3 throwing nets (quivered)
Armour
 a - a +0 cloak of poison resistance (worn)
 c - a +0 helmet (worn)
 n - a +0 pair of gloves (worn)
 o - a +0 scale mail (worn)
Jewellery
 q - a ring of willpower (left hand)
Wands
 g - a wand of flame (15)
Scrolls
 b - 5 scrolls of remove curse
 h - 2 scrolls of teleportation
 i - 2 scrolls of enchant weapon
 j - 4 scrolls of enchant armour
Potions
 f - 3 potions of flight
 k - a potion of invisibility
 l - a potion of might
 m - 2 potions of haste


   Skills:
 + Level 4.0 Fighting
 * Level 5.0 Long Blades
 - Level 1.7 Throwing
 * Level 4.0 Armour
 + Level 4.0 Dodging


You had 6 spell levels left.
You didn't know any spells.
Your spell library was empty.

Dungeon Overview and Level Annotations

Branches:
Dungeon (5/15)
 Temple: D:4-7

Altars:
Sif Muna
Wu Jian


Innate Abilities, Weirdness & Mutations

You thrive by killing the living.
You are immune to poison.
You have sharp fingernails.
Your flesh is cold resistant. (rC+)
You are immune to negative energy. (rN+++)
You do not regenerate when monsters are visible.
You are immune to unholy pain and torment.
You can survive without breathing.


Message History

You hit the orc warrior but do no damage.
The orc warrior is moderately wounded.
The orc warrior struggles against the net.
Your scale mail prevents you from hitting the orc warrior.
The orc warrior is moderately wounded.
The orc warrior struggles against the net.
The net rips apart, and the orc warrior comes free!
You hit the orc warrior.
The orc warrior is heavily wounded.
The orc priest calls upon Beogh to heal the orc warrior.
The orc warrior hits you with a +0 mace.
* * * LOW HITPOINT WARNING * * *
You hit the orc warrior but do no damage.
The orc warrior is heavily wounded.
The orc warrior barely misses you.
You slash the orc warrior!
The orc warrior is severely wounded.
The orc priest calls down the wrath of Beogh upon you.
Beogh smites you!
You die...

...........##
............#
............# .
........o...# ..
#...........# ...
#.....o...# ...#
##.......o# ...#
##....oo####...#
##....o)o@....#
.....#########..#
..#### .


You could see an orc warrior, an orc priest, an orc wizard and an orc.

Vanquished Creatures
  Grinder (D:4)
  An ogre (D:4)
  2 iguanas (D:4)
  Crazy Yiuf (D:4)
  Jessica (D:4)
  Natasha (twice) (D:4)
  A worker ant (D:4)
  11 adders
  An ooze (D:2)
  An adder skeleton (D:4)
  3 worms
  3 dart slugs (D:1)
  4 leopard geckos
  8 orcs
  2 ball pythons (D:3)
  4 giant cockroaches
  5 goblins
  10 hobgoblins
  4 jackals (D:1)
  2 quokkas
  10 bats
  4 frilled lizards (D:3)
  6 kobolds
  6 rats
93 creatures vanquished.

Notes
Turn   | Place    | Note
-------+----------+-------------------------------------------
     0 | D:1      | Borgoz the Ghoul Gladiator began the quest for the Orb.
     0 | D:1      | Reached XP level 1. HP: 17/17 MP: 0/0
    41 | D:1      | Reached XP level 2. HP: 9/24 MP: 1/1
   328 | D:1      | Reached skill level 3 in Long Blades
   339 | D:1      | Reached skill level 1 in Armour
   703 | D:1      | Reached XP level 3. HP: 29/30 MP: 2/2
  1071 | D:2      | Reached XP level 4. HP: 37/37 MP: 3/3
  1104 | D:2      | You fall into a shaft and drop 1 floor!
  1680 | D:2      | Reached XP level 5. HP: 39/44 MP: 4/4
  1971 | D:2      | Found an ornate altar of the Wu Jian Council.
  2603 | D:4      | Reached skill level 4 in Long Blades
  2603 | D:4      | Reached XP level 6. HP: 32/51 MP: 5/5
  2815 | D:4      | Noticed Natasha
  2832 | D:4      | Killed Natasha
  3037 | D:4      | Found a runed translucent door.
  3038 | D:4      | Noticed Crazy Yiuf
  3078 | D:4      | Noticed Grinder
  3090 | D:4      | Paralysed by Grinder for 4 turns
  3096 | D:4      | Paralysed by Grinder for 7 turns
  3109 | D:4      | Paralysed by Grinder for 7 turns
  3121 | D:4      | Killed Grinder
  3122 | D:4      | Reached XP level 7. HP: 25/58 MP: 6/6
  3524 | D:4      | Noticed Jessica
  3529 | D:4      | Killed Jessica
  3547 | D:4      | Found a shimmering blue altar of Sif Muna.
  3635 | D:4      | Noticed Natasha
  3649 | D:4      | Killed Natasha
  4052 | D:4      | Killed Crazy Yiuf
  4053 | D:4      | Reached skill level 5 in Long Blades
  4103 | D:5      | Entered Level 5 of the Dungeon
  4134 | D:5      | Killed from afar by an orc priest

Illustrated notes

Levels and vault maps discovered:
D:1:      lightli_arrival_chessboard, layout_loops_ring
D:2:      layout_basic, nzn_wu_jian_contemplation
D:3:      layout_loops_cross
D:4:      layout_basic, tgw_sif, uniq_crazy_yiuf_cottage, uniq_natasha,
          uniq_grinder
D:5:      layout_cave_pods, temple_statues, uniq_pikel

Skill      XL: |  1  2  3  4  5  6  7 |
---------------+----------------------+-----
Long Blades    | 3 4 5 |  5.0
Armour         | 1 2 3 4 |  4.0
Dodging        | 3 4 |  4.0
Fighting       | 3 4 |  4.0
Throwing       | |  1.7

Action                   |  1- 3 |  4- 6 |  7- 9 || total
-------------------------+-------+-------+-------++-------
Melee: Long sword        |    75 |   200 |    37 ||   312
       Falchion          |       |       |    33 ||    33
Throw: Throwing net      |       |       |     2 ||     2
Evoke: Wand              |       |       |     1 ||     1
  Use: Scroll            |     4 |     8 |     2 ||    14
       Potion            |       |     3 |       ||     3
 Stab: Held in net/web   |       |       |     1 ||     1
Armor: Leather armour    |    41 |    32 |       ||    73
       Scale mail        |       |    49 |    24 ||    73
Dodge: Dodged            |    76 |   145 |    22 ||   243
       Rpst.: Long sword |    23 |    47 |     6 ||    76
       Falchion          |       |       |     2 ||     2
